 Dungeon Crawl Stone Soup version 0.28.0-53-g5a82cb258f (webtiles) character file.

Game seed: 16307334038447004138

340 purpskrrrp the Covered (level 6, -4/47 HPs)
             Began as a Demonspawn Fighter on June 21, 2022.
             Killed by divine providence
             ... invoked by an orc priest
              (9 damage)
             ... on level 4 of the Dungeon.
             The game lasted 00:15:14 (3718 turns).

purpskrrrp the Covered (Demonspawn Fighter)         Turns: 3718, Time: 00:15:15

Health: -4/47      AC:  7    Str: 19    XL:     6   Next: 30%
Magic:  6/6        EV: 11    Int:  9    God:
Gold:   134        SH:  4    Dex: 12    Spells: 5/5 levels left

rFire   + + .      SeeInvis .   g - +3 spear (vorpal)
rCold   . . .      Faith    .   c - +0 buckler
rNeg    . . .      Spirit   .   b - +0 scale mail
rPois   +          Reflect  .   (no helmet)
rElec   +          Harm     .   (no cloak)
rCorr   +          Rampage  .   (no gloves)
Will    .....                   (no boots)
Stlth   ..........              (no amulet)
HPRegen 0.15/turn               o - ring of fire
MPRegen 0.20/turn               (no ring)

@: resistant
A: claws 1, repulsion field 1, spiny 1, magic regeneration
a: no special abilities


You were on level 4 of the Dungeon.
You visited 1 branch of the dungeon, and saw 4 of its levels.

You collected 134 gold pieces.

Inventory:

Hand Weapons
 a - a +0 war axe
 g - a +3 vorpal spear (weapon)
 i - a +3 dagger of freezing
 k - a +1 rapier of holy wrath
 m - a +3 spear
Missiles
 l - 13 bolts
 n - 14 poisoned darts (quivered)
Armour
 b - a +0 scale mail (worn)
 c - a +0 buckler (worn)
Magical Staves
 p - a staff of air
Jewellery
 o - a ring of fire (left claw)
Potions
 d - 2 potions of might
 e - 2 potions of curing {unknown}
 j - a potion of attraction {unknown}


   Skills:
 + Level 3.6 Fighting
 + Level 2.9(3.4) Axes
 + Level 2.7(3.3) Polearms
 + Level 0.5 Throwing
 + Level 4.0 Armour
 + Level 0.7 Dodging
 + Level 3.4 Shields


You had 5 spell levels left.
You didn't know any spells.
Your spell library contained the following spells:

 Spells                   Type           Power      Damage    Failure   Level
 Animate Skeleton         Necr           0%         N/A       83%         1
 Magic Dart               Conj           0%         1d3       83%         1
 Pain                     Necr           0%         1d4       83%         1
 Blink                    Tloc           0%         N/A       93%         2
 Call Imp                 Summ           0%         N/A       93%         2
 Ensorcelled Hibernation  Hex/Ice        0%         N/A       93%         2
 Passwall                 Tmut/Erth      0%         N/A       93%         2
 Mephitic Cloud           Conj/Pois/Air  0%         N/A       99%         3
 Swiftness                Air            0%         N/A       99%         3
 Vampiric Draining        Necr           0%         2d6       99%         3
 Manifold Assault         Tloc           0%         N/A       100%        5
 Storm Form               Tmut/Air       0%         N/A       100%        7


Dungeon Overview and Level Annotations

Branches:
Dungeon (4/15)
 Temple: D:4-7

Altars:
Xom

Shops:
D:1 (


Innate Abilities, Weirdness & Mutations

You have sharp fingernails.
You are surrounded by a mild repulsion field. (EV +2)
You are partially covered in sharp spines.
You regenerate magic rapidly.


Message History

An orc comes into view. It is wielding a +4 mace.
The orc shouts!
You puncture the orc!
You kill the orc!
An orc priest comes into view. It is wielding a +0 flail.
Things that are here:
a +0 whip; a +0 whip; 2 stones The orc priest shouts!
The orc priest calls down the wrath of Beogh upon you.
Beogh smites you!
You hear a shout!
You hit the orc.
The orc is severely wounded.
The orc hits you with a +0 hand axe.
You barely miss the orc.
The orc is severely wounded.
The orc is struck by your spines.
You kill the orc!
The orc is struck by your spines. The orc hits you with a +4 mace.
You puncture the orc!
You kill the orc!
An orc priest comes into view. It is wielding a +0 mace.
The orc priest calls down the wrath of Beogh upon you.
Beogh smites you!
* * * LOW HITPOINT WARNING * * *
You see here a +4 mace.
The orc priest looks braver for a moment.
You feel protected.
The orc priest is struck by your spines.
The orc priest hits you with a +0 mace.
* * * LOW HITPOINT WARNING * * *
You barely miss the orc priest.
The orc priest is heavily wounded.
The orc priest is struck by your spines.
The orc priest misses you.
You puncture the orc priest!
You kill the orc priest!
The orc priest invokes the aid of Beogh against you.
Beogh smites you!
You die...

# .#### ((..
#..# .# ###..#
..####.o)#
.......)#####.##
#.##.##)@.......
#..))#####.##
####)# #.#
#.#####.#####.#
#.............#
#######..#.####
##..#.# #.....#


You could see an orc priest.

Vanquished Creatures
  2 orc priests
  An iguana (D:3)
  2 orc wizards
  7 gnolls
  8 adders
  A worm (D:2)
  3 dart slugs
  7 orcs
  10 ball pythons
  5 bats
  3 endoplasms
  2 giant cockroaches
  4 goblins
  5 hobgoblins
  4 jackals (D:2)
  18 kobolds
  2 quokkas (D:1)
  A frilled lizard (D:2)
  7 rats
  A bush (D:2)
93 creatures vanquished.

Notes
Turn   | Place    | Note
-------+----------+-------------------------------------------
     0 | D:1      | purpskrrrp the Demonspawn Fighter began the quest for the
                  | Orb.
     0 | D:1      | Reached XP level 1. HP: 18/18 MP: 1/1
   278 | D:1      | Found Ryengued's Weapon Shoppe.
   305 | D:1      | Reached skill level 3 in Armour
   305 | D:1      | Gained mutation: You are partially covered in sharp spines.
                  | [demonic ancestry]
   305 | D:1      | Reached XP level 2. HP: 24/24 MP: 2/2
   837 | D:2      | Identified a scroll of acquirement
   837 | D:2      | Acquired a +2 vorpal spear
  1123 | D:2      | Gained mutation: You regenerate magic rapidly. [demonic
                  | ancestry]
  1123 | D:2      | Reached XP level 3. HP: 29/29 MP: 3/3
  1571 | D:2      | Reached XP level 4. HP: 27/35 MP: 4/4
  1750 | D:2      | Found a shimmering altar of Xom.
  1938 | D:2      | Reached skill level 1 in Polearms
  2543 | D:2      | Gained mutation: You are surrounded by a mild repulsion
                  | field. (EV +2) [demonic ancestry]
  2543 | D:2      | Reached XP level 5. HP: 38/41 MP: 5/5
  2948 | D:3      | Found a faded altar of an unknown god.
  3288 | D:3      | Gained mutation: You have sharp fingernails. [demonic
                  | ancestry]
  3288 | D:3      | Reached XP level 6. HP: 41/47 MP: 6/6
  3411 | D:3      | Reached skill level 4 in Armour
  3718 | D:4      | Killed from afar by an orc priest

Illustrated notes

Levels and vault maps discovered:
D:1:      giann_wishing_wells, layout_basic, serial_shops,
          nicolae_shop_behind_doors, chequers_serial_rivers_room_b,
          grunt_decor_one_mirror, minmay_pentomino_v2
D:2:      layout_basic, basic_altar, serial_park_tiny_2, minmay_hedge_maze,
          hangedman_feature_mirror, minmay_goblin_kobold_house
D:3:      layout_rooms, nicolae_ecumenical_snake_handling
D:4:      layout_loops_ring, temple_green, amethyst_killhole, st_stairs_12,
          minmay_misc_feat_iff, uniq_edmund, uniq_pikel

Skill      XL: |  1  2  3  4  5  6 |
---------------+-------------------+-----
Axes           | 2 |  2.9
Armour         | 3 4 |  4.0
Shields        | 3 |  3.4
Polearms       | 1 2 |  2.7
Fighting       | |  3.6
Throwing       | |  0.5
Dodging        | |  0.7

Action                   |  1- 3 |  4- 6 || total
-------------------------+-------+-------++-------
Melee: War axe           |    38 |       ||    38
       Spear             |   139 |   116 ||   255
Throw: Dart              |     6 |     9 ||    15
  Use: Scroll            |     1 |     4 ||     5
       Potion            |       |     1 ||     1
Armor: Scale mail        |    35 |    31 ||    66
Dodge: Dodged            |    25 |    39 ||    64
Block: Buckler           |    14 |    25 ||    39
